 Dungeon Crawl Stone Soup version 0.24.1-14-gf8d2b509d9 (webtiles) character file.

Game seed: 4646624595614424156, levelgen mode: deterministic

83 Mrkan the Skirmisher (level 4, -2/37 (40) HPs)
             Began as a Ghoul Fighter on May 22, 2020.
             Killed from afar by an orc wizard (4 damage)
             ... with a magic dart
             ... on level 3 of the Dungeon.
             The game lasted 00:03:25 (1963 turns).

Mrkan the Skirmisher (Ghoul Fighter)                Turns: 1963, Time: 00:03:25

HP:   -2/37 (40)    AC: 13    Str: 19    XL:     4   Next: 44%
MP:   3/3           EV:  3    Int:  4    God:
Gold: 127           SH:  8    Dex:  8    Spells: 3/3 levels left

rFire    . . .     SeeInvis .   a - +0 war axe
rCold    + . .     Gourm    .   c - +0 shield
rNeg     + + +     Faith    .   p - +0 plate armour
rPois    ∞         Spirit   .   (no helmet)
rElec    .         Reflect  .   i - +0 cloak
rCorr    .         Harm     .   h - +0 pair of gloves
MR       .....                  (no boots)
Stlth    ..........             (no amulet)
HPRegen  0.00/turn              (no ring)
MPRegen  0.08/turn              (no ring)

@: rotting
A: rotting body, claws 1, carnivore, cold resistance 1, negative energy
resistance 3, inhibited regeneration, torment resistance, unbreathing
a: no special abilities


You were on level 3 of the Dungeon.
You were not hungry.

You visited 1 branch of the dungeon, and saw 3 of its levels.

You collected 127 gold pieces.

Inventory:

Hand Weapons
 a - a +0 war axe (weapon)
 n - a +0 morningstar
Armour
 c - a +0 shield (worn)
 h - a +0 pair of gloves (worn)
 i - a +0 cloak (worn)
 p - a +0 plate armour (worn)
Jewellery
 g - an uncursed ring of magical power {unknown}
 m - a +3 ring of dexterity {unknown}
Scrolls
 e - a scroll of magic mapping {unknown}
 j - 3 scrolls of immolation {unknown}
 k - a scroll of enchant armour {unknown}
 l - 2 scrolls of teleportation {unknown}
Potions
 d - a potion of might
Comestibles
 f - 6 rations


   Skills:
 + Level 3.8 Fighting
 * Level 3.1 Axes
 + Level 3.1 Armour
 + Level 3.0 Shields


You had 3 spell levels left.
You didn't know any spells.
Your spell library was empty.

Dungeon Overview and Level Annotations

Branches:
Dungeon (3/15)

Altars:


Innate Abilities, Weirdness & Mutations

Your body is rotting away.
You thrive on raw meat.
You are immune to poison.
You have sharp fingernails.
You are carnivorous and can eat meat at any time.
Your flesh is cold resistant. (rC+)
You are immune to negative energy. (rN+++)
You do not regenerate when monsters are visible.
You are immune to unholy pain and torment.
You can survive without breathing.


Message History

The puff of flame hits you but does no damage.
You bump into the rock wall.
You bump into the rock wall.
Something hits you but does no damage.
You bump into the rock wall.
The orc hits you but does no damage.
You hear some strange, mumbled words.
Something tries to affect you, but you resist.
You closely miss something.
You feel less confused. You block the orc's attack.
Something hits you but does no damage. You block the orc's attack.
You closely miss something.
You hear some strange, mumbled words.
Something tries to affect you, but you resist.
The orc hits you from afar with a +0 trident.
* * * LOW HITPOINT WARNING * * *
You hear some strange, mumbled words.
Something tries to affect you, but you resist.
A magic dart appears from out of thin air!
The magic dart hits you.
You die...

### #####
#.####.#.#
#....@...#
#.######o#
#....#
#.#######
####.#
#o..o...# #.#
#######.# #####
#.# #...# #.#
#.#.#########.#
#.#.........#.#


You could see an orc.

Vanquished Creatures
  Jessica (D:2)
  3 adders (D:2)
  A dart slug (D:1)
  An orc (D:3)
  3 bats
  3 goblins
  6 hobgoblins
  A ball python (D:2)
  4 frilled lizards
  3 kobolds
  5 rats
31 creatures vanquished.

Notes
Turn   | Place    | Note
-------+----------+-------------------------------------------
     0 | D:1      | Mrkan the Ghoul Fighter began the quest for the Orb.
     0 | D:1      | Reached XP level 1. HP: 19/19 MP: 0/0
   445 | D:1      | Reached XP level 2. HP: 21/23 MP: 1/1
  1136 | D:2      | Reached XP level 3. HP: 29/29 MP: 2/2
  1769 | D:2      | Noticed Jessica
  1781 | D:2      | Killed Jessica
  1781 | D:2      | Reached XP level 4. HP: 32/35 MP: 3/3
  1963 | D:3      | Killed from afar by an orc wizard

Levels and vault maps discovered:
D:1:      mainiacjoe_arrival_reflecting_pool, layout_basic
D:2:      layout_loops_ring, uniq_jessica
D:3:      layout_basic, portal_sewer_entry_d, first_ration, minmay_between

Skill      XL: |  1  2  3 |
---------------+----------+-----
Axes           | 2 3 |  3.1
Armour         | 3 |  3.1
Shields        | 3 |  3.0
Fighting       | |  3.8

Action                   |  1- 3 |  4- 6 || total
-------------------------+-------+-------++-------
Melee: War axe           |   124 |    36 ||   160
  Eat: Chunk             |     4 |     2 ||     6
Armor: Scale mail        |    55 |       ||    55
       Plate armour      |    15 |    63 ||    78
Dodge: Dodged            |    38 |     5 ||    43
Block: Shield            |    70 |    26 ||    96
